 Dungeon Crawl Stone Soup version 0.29-a0-919-gd064cfad1c (webtiles) character file.

Game seed: 9000698732555497537

221 IdlyInterested the Chucker (level 5, -1/40 HPs)
             Began as a Demonspawn Wanderer on July 26, 2022.
             Slain by a hound (5 damage)
             ... on level 4 of the Dungeon.
             The game lasted 00:13:08 (4619 turns).

IdlyInterested the Chucker (Demonspawn Wanderer)    Turns: 4619, Time: 00:13:09

Health: -1/40      AC: 10    Str: 18    XL:     5   Next: 65%
Magic:  6/6        EV: 11    Int: 13    God:
Gold:   83         SH:  4    Dex: 17    Spells: 5/6 levels left

rFire   . . .      SeeInvis .   a - +3 dagger (flame)
rCold   . . .      Faith    .   w - +0 buckler
rNeg    . . .      Spirit   .   h - +0 leather armour
rPois   .          Reflect  .   (helmet restricted)
rElec   .          Harm     .   x - +1 cloak
rCorr   .          Rampage  .   m - +0 pair of gloves
Will    .....                   (no boots)
Stlth   +++.......              (no amulet)
HPRegen 0.13/turn               o - +6 ring of strength
MPRegen 0.10/turn               q - +4 ring of protection

@: invisible
A: antennae 1, thin skeletal structure 1, powered by pain 1
a: no special abilities


You were on level 4 of the Dungeon.
You visited 1 branch of the dungeon, and saw 4 of its levels.

You collected 310 gold pieces.
You spent 227 gold pieces at shops.

Inventory:

Hand Weapons
 a - a +3 dagger of flaming (weapon)
 f - a +2 dagger of venom
 i - a +0 short sword
Missiles
 b - 4 curare-tipped darts
 l - 5 javelins
 s - 6 poisoned darts
Armour
 h - a +0 leather armour (worn)
 m - a +0 pair of gloves (worn)
 w - a +0 buckler (worn)
 x - a +1 cloak (worn)
Magical Staves
 g - a staff of poison
Jewellery
 o - a +6 ring of strength (left hand)
 q - a +4 ring of protection (right hand)
Scrolls
 c - 3 scrolls of teleportation
 d - a scroll of summoning
 e - a scroll of poison
 j - 2 scrolls of vulnerability
 k - a scroll of fear
 n - a scroll of magic mapping
 p - a scroll of amnesia
 r - a scroll of blinking


   Skills:
 + Level 2.8 Fighting
 * Level 3.4 Short Blades
 - Level 3.6 Throwing
 - Level 1.0 Armour
 - Level 2.0 Dodging
 - Level 2.0 Stealth
 - Level 1.0 Spellcasting
 - Level 1.0 Earth Magic
 + Level 0.4 Evocations


You had 5 spell levels left.
You knew the following spells:

 Your Spells              Type           Power      Damage    Failure   Level
a - Sandblast             Erth           6%         2d5       30%         1

Your spell library contained the following spells:

 Spells                   Type           Power      Damage    Failure   Level
 Blink                    Tloc           0%         N/A       56%         2
 Sublimation of Blood     Necr           0%         N/A       56%         2
 Stone Arrow              Conj/Erth      2%         3d7       75%         3
 Lesser Beckoning         Tloc           0%         N/A       80%         3
 Petrify                  Tmut/Erth      1%         N/A       98%         4
 Irradiate                Conj/Tmut      0%         3d11      100%        5
 Manifold Assault         Tloc           0%         N/A       100%        5


Dungeon Overview and Level Annotations

Branches:
Dungeon (4/15)
 Temple: D:4-7

Altars:
Ru
Vehumet
Xom

Shops:
D:1 =   D:2 ?   D:3 [


Innate Abilities, Weirdness & Mutations

You have a pair of small antennae on your head.
You have a somewhat thin skeletal structure. (Dex +2, Stealth+)
You sometimes gain a little power by taking damage.


Message History

The ogre shouts!
The ogre hits you with a +0 giant club!!
Ouch! That really hurt!
You see here a scroll labelled XILLILUITT.
You hit the ogre. You burn the ogre.
The ogre is lightly wounded.
The hound misses you. The hound completely misses you.
The hound bites you but does no damage.
A dart slug comes into view.
The ogre attacks as you move away! The ogre barely misses you.
The hound bites you.
You hit the hound but do no damage. The hound bites you.
* * * LOW HITPOINT WARNING * * *
You block the hound's attack.
You closely miss the hound. The hound bites you.
* * * LOW HITPOINT WARNING * * *
Okay, then.
You fade into invisibility!
You block the hound's attack.
You closely miss the hound. The hound bites you.
* * * LOW HITPOINT WARNING * * *
The hound barely misses you.
You closely miss the hound. The hound barely misses you.
You hit the hound. You burn the hound.
The hound is moderately wounded.
The hound barely misses you.
You closely miss the hound.
The hound is moderately wounded.
The hound bites you but does no damage. The hound closely misses you.
You hit the hound. You burn the hound.
The hound is heavily wounded.
The hound closely misses you.
You closely miss the hound.
The hound is heavily wounded.
The hound misses you. The hound bites you.
* * * LOW HITPOINT WARNING * * *
You hit the hound. You burn the hound.
The hound is almost dead.
The hound bites you.
You die...

######### #.##
#... ...
#....####.# ..
#......<..# .#
..r......w###.#
#........Orh@.#
......###.g##.#
#.#.#.###..# .#
# #.#....?.# ..
# #......# ###
#.####.# # #.#
#w# ...


You could see an ogre (unable to see you), a hound, a dart slug (unable to see
you), a quokka (unable to see you) and a goblin (unable to see you).

Vanquished Creatures
  An orc priest (D:3)
  Crazy Yiuf (D:3)
  Robin (D:3)
  4 adders
  5 worms
  3 dart slugs
  7 orcs (D:3)
  4 bats
  4 endoplasms
  2 giant cockroaches
  14 goblins
  9 hobgoblins
  7 jackals
  2 quokkas
  10 ball pythons
  3 frilled lizards
  6 kobolds
  7 rats
90 creatures vanquished.

Vanquished Creatures (others)
  3 plants (D:1)
3 creatures vanquished.

Grand Total: 93 creatures vanquished

Notes
Turn   | Place    | Note
-------+----------+-------------------------------------------
     0 | D:1      | IdlyInterested the Demonspawn Wanderer began the quest for
                  | the Orb.
     0 | D:1      | IdlyInterested set off with the following items: a +3
                  | dagger, 4 curare-tipped darts, a scroll of teleportation, a
                  | +0 robe; and the following spell memorised: Sandblast; and
                  | the following spells available to memorise: Stone Arrow.
     0 | D:1      | Reached XP level 1. HP: 15/15 MP: 2/2
   416 | D:1      | Reached skill level 1 in Short Blades
   416 | D:1      | Gained mutation: You have a somewhat thin skeletal
                  | structure. (Dex +2, Stealth+) [demonic ancestry]
   416 | D:1      | Reached XP level 2. HP: 17/21 MP: 1/3
   686 | D:1      | Found Uqiunar's Jewellery Shop.
  1330 | D:2      | Found a shimmering altar of Xom.
  1341 | D:2      | Reached skill level 1 in Armour
  1341 | D:2      | Reached XP level 3. HP: 19/27 MP: 4/4
  2159 | D:2      | Found Ulomm's Magic Scroll Shoppe.
  2233 | D:2      | Gained mutation: You sometimes gain a little power by
                  | taking damage. [demonic ancestry]
  2233 | D:2      | Reached XP level 4. HP: 24/33 MP: 5/5
  2464 | D:2      | Found a faded altar of an unknown god.
  2556 | D:2      | Bought a scroll of magic mapping for 97 gold pieces
  2556 | D:2      | Bought a scroll of vulnerability for 52 gold pieces
  2556 | D:2      | Bought a scroll of identify for 26 gold pieces
  2710 | D:3      | Found a sacrificial altar of Ru.
  2793 | D:3      | Noticed Robin
  2811 | D:3      | Killed Robin
  2951 | D:3      | Gained mutation: You have a pair of small antennae on your
                  | head. [demonic ancestry]
  2951 | D:3      | Reached XP level 5. HP: 21/39 MP: 4/6
  3181 | D:3      | Noticed a sky beast
  3351 | D:3      | Found Juroxkoi's Armour Emporium.
  3519 | D:3      | Found a runed translucent door.
  3520 | D:3      | Noticed Crazy Yiuf
  3597 | D:3      | Found a radiant altar of Vehumet.
  4227 | D:3      | Killed Crazy Yiuf
  4552 | D:2      | Bought a scroll of amnesia for 52 gold pieces
  4599 | D:4      | Noticed an ogre
  4619 | D:4      | Slain by a hound

Illustrated notes

Levels and vault maps discovered:
D:1:      lemuel_arrival_muddy, layout_basic, serial_shops, shop, st_stairs_8
D:2:      minmay_chambers_of_twos, layout_basic,
          shapermc_ecumenical_altar_mp_ritualfount, basic_altar, serial_shops,
          nicolae_shop_hallway_plus
D:3:      layout_loops_corners, vehumet_crystals, amcnicky_altar_gilded,
          nicolae_tso_carved_into_rock, serial_shops,
          nicolae_shop_advertising_works [nicolae_subvault_shop_adworks],
          kennysheep_pointless_box, grunt_ministairs_7, lightli_corner_chamber,
          uniq_crazy_yiuf_cottage, uniq_robin
D:4:      layout_loops_ring, marbit_many_paths

Skill      XL: |  1  2  3  4  5 |
---------------+----------------+-----
Short Blades   | 1 2 3 |  3.4
Armour         | 1 |  1.0
Stealth        | 2 |  2.0
Fighting       | 2 |  2.8
Dodging        | 2 |  2.0
Throwing       | |  3.6
Spellcasting   | |  1.0
Earth Magic    | |  1.0
Evocations     | |  0.4

Action                   |  1- 3 |  4- 6 || total
-------------------------+-------+-------++-------
Melee: Dagger            |   100 |   118 ||   218
       Punch             |     1 |     1 ||     2
 Cast: Sandblast         |     4 |     6 ||    10
  Use: Scroll            |     5 |     2 ||     7
       Potion            |       |     1 ||     1
 Stab: Sleeping          |    20 |    11 ||    31
       Distracted        |     1 |       ||     1
Armor: Robe              |     3 |       ||     3
       Leather armour    |    17 |    34 ||    51
Dodge: Dodged            |    43 |    55 ||    98
Block: Buckler           |       |     3 ||     3

Table legend: (Time is in decaauts)
 A = Elapsed time spent in this place.
 B = Non-inter-level travel time spent in this place.
 C = Inter-level travel time spent in this place.
 D = Time resting spent in this place.
 E = Time spent auto-exploring this place.
 F = Levels seen in this place.
 G = Mean time per level.
                   A        B        C        D        E       F      G
               +--------+--------+--------+--------+--------+-----+--------+
         Total |   4607 |   4094 |    513 |   1325 |   1924 |   4 | 1151.8 |
       Dungeon |   4607 |   4094 |    513 |   1325 |   1924 |   4 | 1151.8 |
               +--------+--------+--------+--------+--------+-----+--------+

Top non-repeatable levels by time:
     D:3: 1857 daAuts
     D:1: 1616 daAuts
     D:2: 1113 daAuts
     D:4: 18 daAuts
